 Dungeon Crawl Stone Soup version 0.28-a0-850-g09de17f5b5 (webtiles) character file.

Game seed: 1633930419941621282

329 Daunt the Ruffian (level 6, -1/57 HPs)
             Began as a Troll Arcane Marksman on Nov 14, 2021.
             Was an Initiate of Gozag.
             Slain by a centaur (3 damage)
             ... on level 4 of the Dungeon.
             The game lasted 00:08:31 (2277 turns).

Daunt the Ruffian (Troll Arcane Marksman)           Turns: 2277, Time: 00:08:32

Health: -1/57      AC:  4    Str: 21    XL:     6   Next: 25%
Magic:  6/6        EV:  9    Int:  9    God:    Gozag
Gold:   65         SH:  0    Dex: 10    Spells: 6/7 levels left

rFire   . . .      SeeInvis +     - Unarmed
rCold   . . .      Faith    .   (no shield)
rNeg    . . .      Spirit   .   a - +0 robe
rPois   .          Reflect  .   (helmet restricted)
rElec   .          Harm     .   (no cloak)
rCorr   .          Rampage  .   (gloves unavailable)
Will    .....                   (boots unavailable)
Stlth   +.........              (no amulet)
HPRegen 1.19/turn               s - ring of see invisible
MPRegen 0.10/turn               (no ring)

@: no status effects
A: large, unfitting armour, claws 3, regeneration 1, shaggy fur 1, tough skin 1
a: Renounce Religion, Potion Petition, Call Merchant, Bribe Branch


You were on level 4 of the Dungeon.
You worshipped Gozag.
Gozag was noncommittal.
You visited 1 branch of the dungeon, and saw 4 of its levels.

You collected 156 gold pieces.
You spent 39 gold pieces at shops.
You paid 52 gold pieces to Gozag.

Inventory:

Hand Weapons
 b - a +0 hunting sling
Missiles
 c - 2 throwing nets
 e - 177 stones
 i - 4 large rocks (quivered)
 k - 33 arrows
 q - 8 poisoned darts
Armour
 a - a +0 robe (worn)
Jewellery
 s - a ring of see invisible (left claw)
Scrolls
 g - a scroll of teleportation {unknown}
 h - a scroll of noise {unknown}
 l - a scroll of enchant weapon {unknown}
 n - a scroll of enchant armour {unknown}
Potions
 d - 2 potions of heal wounds {unknown}
 f - 2 potions of attraction {unknown}
 j - a potion of brilliance {unknown}
 m - a potion of curing
 o - 3 potions of lignification {unknown}
 p - a potion of berserk rage {unknown}
 r - a potion of flight {unknown}


   Skills:
 + Level 1.6 Fighting
 - Level 1.7 Throwing
 - Level 1.5 Dodging
 * Level 5.9 Unarmed Combat
 - Level 1.0 Spellcasting
 - Level 2.0 Hexes


You had 6 spell levels left.
You knew the following spells:

 Your Spells              Type           Power      Damage    Failure   Level
a - Slow                  Hex            16%        N/A       16%         1

Your spell library contained the following spells:

 Spells                   Type           Power      Damage    Failure   Level
 Inner Flame              Hex/Fire       2%         N/A       58%         3
 Portal Projectile        Hex/Tloc       4%         N/A       58%         3
 Cause Fear               Hex            2%         N/A       85%         4


Dungeon Overview and Level Annotations

Branches:
Dungeon (4/15)
 Temple: D:4-7

Altars:
Gozag
Qazlal
Wu Jian

Shops:
D:2 !


Innate Abilities, Weirdness & Mutations

You are too large for most types of armour.
You have claws for hands.
Your natural rate of healing is unusually fast.
You are covered in fur. (AC +1)
You have tough skin. (AC +1)


Message History

You barely miss the centaur.
The centaur is moderately wounded.
The centaur completely misses you. The centaur kicks you.
* * * LOW HITPOINT WARNING * * *
You scratch the centaur but do no damage.
The centaur is moderately wounded.
The centaur hits you.
* * * LOW HITPOINT WARNING * * *
The centaur kicks you but does no damage.
The centaur barely misses you. x2
You scratch the centaur but do no damage.
The centaur is moderately wounded.
The centaur hits you but does no damage.
The centaur kicks you but does no damage.
You scratch the centaur.
The centaur is moderately wounded.
The centaur hits you but does no damage.
The centaur kicks you but does no damage.
Okay, then.
Unknown command.
You scratch the centaur.
The centaur is heavily wounded.
The centaur misses you. The centaur kicks you.
* * * LOW HITPOINT WARNING * * *
The centaur hits you.
* * * LOW HITPOINT WARNING * * *
The centaur kicks you but does no damage.
You claw the centaur!
The centaur is almost dead.
The centaur hits you.
* * * LOW HITPOINT WARNING * * *
The centaur kicks you.
* * * LOW HITPOINT WARNING * * *
You barely miss the centaur.
The centaur is almost dead.
The centaur hits you.
* * * LOW HITPOINT WARNING * * *
The centaur kicks you.
You die...
Your body crumbles into a pile of gold.

# # ### # #.. #.#
#.# #.# #.# #.#
#.# #.### #.#
....## #c# ...8.#
#@# .....### #.#
._.....# #(#
.....#.# #.#
...8.#.# #.#
....##.# #.#
#.###..#########.#
#................#
##################


You could see a centaur.

Vanquished Creatures
  An ice beast (D:3)
  A bullfrog zombie (D:3)
  An orc priest (D:3)
  Jessica (D:3)
  An orc wizard (D:3)
  3 adders
  A gnoll (D:1)
  A shadow imp (D:3)
  3 worms
  2 dart slugs
  5 orcs (D:3)
  2 ball pythons
  9 bats
  6 endoplasms
  8 goblins
  4 hobgoblins
  3 jackals (D:1)
  3 quokkas
  5 frilled lizards
  2 kobolds
  4 rats
66 creatures vanquished.

Notes
Turn   | Place    | Note
-------+----------+-------------------------------------------
     0 | D:1      | Daunt the Troll Arcane Marksman began the quest for the
                  | Orb.
     0 | D:1      | Reached XP level 1. HP: 18/18 MP: 1/1
    53 | D:1      | Reached skill level 1 in Unarmed Combat
   190 | D:1      | Reached XP level 2. HP: 26/26 MP: 2/2
   216 | D:1      | Reached skill level 2 in Unarmed Combat
   253 | D:1      | Found a faded altar of an unknown god.
   340 | D:1      | Reached XP level 3. HP: 26/32 MP: 3/3
   606 | D:1      | Reached skill level 3 in Unarmed Combat
   923 | D:2      | Found Adirumog's Distillery.
  1346 | D:2      | Bought a potion of curing for 39 gold pieces
  1366 | D:3      | Noticed Jessica
  1373 | D:3      | Killed Jessica
  1374 | D:3      | Reached XP level 4. HP: 40/40 MP: 4/4
  1377 | D:3      | Noticed an ice beast
  1398 | D:3      | Killed an ice beast
  1399 | D:3      | Reached skill level 5 in Unarmed Combat
  1399 | D:3      | Reached XP level 5. HP: 28/46 MP: 5/5
  1417 | D:3      | Found a stormy altar of Qazlal.
  1673 | D:3      | Reached skill level 1 in Fighting
  1773 | D:3      | Reached XP level 6. HP: 50/55 MP: 6/6
  1894 | D:3      | Found an ornate altar of the Wu Jian Council.
  2235 | D:4      | Found an opulent altar of Gozag.
  2243 | D:4      | Became a worshipper of Gozag Ym Sagoz the Greedy
  2277 | D:4      | HP: 2/57 [centaur (2)]
  2277 | D:4      | Slain by a centaur

Illustrated notes

Levels and vault maps discovered:
D:1:      elethiomel_arrival_shortcut, layout_loops_ring,
          ebering_ecumenical_altar_webs, st_stairs_7
D:2:      layout_loops_cross, serial_shops, nicolae_shop_window_shopping
D:3:      layout_loops_ring, nicolae_qazlal_scattered_showers,
          nzn_wu_jian_contemplation, corexii_shack, minmay_misc_feat_plants,
          chequers_serial_rivers_room_b, uniq_jessica
D:4:      layout_basic, grunt_gozag_statues, nicolae_overflow_crystal_walls,
          corexii_item_surrounded_by_moat, dk_vineyard_2, minmay_divided_ellipse

Skill      XL: |  1  2  3  4  5 |
---------------+----------------+-----
Unarmed Combat | 1 2 3 5 |  5.9
Fighting       | 1 |  1.6
Throwing       | |  1.7
Dodging        | |  1.5
Spellcasting   | |  1.0
Hexes          | |  2.0

Action                   |  1- 3 |  4- 6 || total
-------------------------+-------+-------++-------
Melee: Unarmed           |    97 |   121 ||   218
       Punch             |     1 |     1 ||     2
Armor: Robe              |    29 |    40 ||    69
Dodge: Dodged            |    45 |    73 ||   118

Table legend: (Time is in decaauts)
 A = Elapsed time spent in this place.
 B = Non-inter-level travel time spent in this place.
 C = Inter-level travel time spent in this place.
 D = Time resting spent in this place.
 E = Time spent auto-exploring this place.
 F = Levels seen in this place.
 G = Mean time per level.
                   A        B        C        D        E       F      G
               +--------+--------+--------+--------+--------+-----+--------+
         Total |   2262 |   2184 |     78 |     20 |   1676 |   4 |  565.5 |
       Dungeon |   2262 |   2184 |     78 |     20 |   1676 |   4 |  565.5 |
               +--------+--------+--------+--------+--------+-----+--------+

Top non-repeatable levels by time:
     D:3: 816 daAuts
     D:1: 731 daAuts
     D:2: 631 daAuts
     D:4: 82 daAuts
